 Dungeon Crawl Stone Soup version 0.20-a0-493-g19c8d8d (webtiles) character file.

9716 nono the Protected (level 11, -2/66 HPs)
             Began as a Halfling Fighter on Jan 17, 2017.
             Was a Priest of Dithmenos.
             Slain by a black mamba (11 damage)
             ... on level 1 of the Lair of Beasts.
             The game lasted 00:35:56 (12720 turns).

nono the Protected (Halfling Fighter)              Turns: 12720, Time: 00:35:57

Health: -2/66      AC: 23    Str: 20    XL:     11   Next: 79%
Magic:  11/11      EV:  7    Int:  6    God:    Dithmenos [***...]
Gold:   423        SH: 13    Dex: 15    Spells: 9/10 levels left

rFire    . . .     SeeInvis .   a - +0 long sword
rCold    . . .     Gourm    .   B - +6 plate armour {ponderous}
rNeg     . . .     Faith    .   c - +0 shield
rPois    +         Spirit   .   P - +0 helmet
rElec    .         Reflect  .   (no cloak)
rCorr    .         Harm     .   M - +0 pair of gloves
MR       +....                  (no boots)
Stlth    ..........             (no amulet)
Regen    0.3/turn               y - ring of protection from magic
                                s - ring of poison resistance

@: wreathed by umbra, slow
A: mutation resistance 1
a: Shadow Step, Renounce Religion


You were on level 1 of the Lair of Beasts.
You worshipped Dithmenos.
Dithmenos was most pleased with you.
You were not hungry.

You visited 3 branches of the dungeon, and saw 12 of its levels.

You collected 549 gold pieces.
You spent 126 gold pieces at shops.

Inventory:

Hand Weapons
 a - a +0 long sword (weapon)
 b - a +1 dagger of venom
 t - a +1 dagger of freezing
 A - a +2 dagger of protection
Missiles
 G - a throwing net (quivered)
Armour
 c - a +0 shield (worn)
 e - a +0 pair of gloves
 B - a +6 plate armour of ponderousness (worn)
 L - a +0 scale mail
 M - a +0 pair of gloves (worn)
 P - a +0 helmet (worn)
 W - a +0 plate armour
Jewellery
 s - a ring of poison resistance (left hand)
 y - a ring of protection from magic (right hand)
 I - a cursed ring of teleportation
 J - a cursed +3 ring of intelligence
 O - an uncursed ring of resist corrosion
 X - an uncursed ring of magical power
 Y - an uncursed ring of see invisible
Wands
 S - a wand of confusion (18/48)
 U - a wand of polymorph (9/24)
Scrolls
 g - 4 scrolls of blinking
 j - 3 scrolls of recharging {unknown}
 m - 2 scrolls of fear {unknown}
 n - 2 scrolls of remove curse {unknown}
 r - 3 scrolls of identify
 u - a scroll of immolation {unknown}
 v - 2 scrolls of fog {unknown}
 w - 4 scrolls of teleportation
 C - a scroll of enchant armour {unknown}
 H - 3 scrolls of magic mapping {unknown}
 N - a scroll of random uselessness {unknown}
 Q - a scroll of enchant weapon {unknown}
 R - 3 scrolls of amnesia {unknown}
 T - a scroll of holy word {unknown}
Potions
 d - a potion of might
 i - 2 potions of curing
 k - 2 potions of ambrosia
 l - 2 potions of agility {unknown}
 o - a potion of berserk rage
 p - 3 potions of degeneration {unknown}
 q - 2 potions of heal wounds
 x - 4 potions of lignification {unknown}
 z - a potion of resistance {unknown}
 D - a potion of haste {unknown}
 E - 3 potions of flight {unknown}
 K - 3 potions of brilliance {unknown}
Books
 V - a book of Cantrips

   Spells                             Type                      Level
   a - Confusing Touch                Hexes                        1
   b - Animate Skeleton               Necromancy                   1
   c - Summon Small Mammal            Summoning                    1
   d - Apportation                    Translocation                1
Comestibles
 f - 9 bread rations
 h - 4 meat rations
 F - 8 beef jerkies
 Z - a royal jelly


   Skills:
 - Level 2.6 Fighting
 - Level 9.7 Long Blades
 - Level 10.5 Armour
 + Level 9.2 Stealth
 - Level 10.4 Shields


You had 9 spell levels left.
You knew the following spells:

 Your Spells              Type           Power        Failure   Level  Hunger
a - Apportation           Tloc           #.....       100%        1    ##.....


Dungeon Overview and Level Annotations

Branches:
Dungeon (9/15)             Temple (1/1) D:6            Lair (2/6) D:9
    Orc (0/2) D:9
  Swamp: Lair:2-4    Shoals: Lair:2-4     Snake: Lair:2-4    Spider: Lair:2-4

Altars:
Dithmenos
Fedhas
Gozag
Hepliaklqana
Kikubaaqudgha
Qazlal
Ru
Sif Muna
Trog
The Shining One

Shops:
D:4 ?   D:5 (   D:6 *(!   D:9 [


Innate Abilities, Weirdness & Mutations

You are small and have problems with some larger weapons.
You are somewhat resistant to further mutation.


Message History

You miss the black mamba.
The black mamba is lightly wounded.
You block the black mamba's attack.
Your +1 dagger of venom stops dripping with poison.
a - a +0 long sword (weapon)
You block the black mamba's attack.
You slash the black mamba!
The black mamba is heavily wounded.
You block the black mamba's attack. x2
You closely miss the black mamba.
The black mamba is heavily wounded.
You block the black mamba's attack.
You hit the black mamba but do no damage.
The black mamba is heavily wounded.
You block the black mamba's attack. The black mamba bites you!
* * * LOW HITPOINT WARNING * * *
You hit the black mamba.
The black mamba is heavily wounded.
The black mamba bites you!
You die...

.....#.#..................##
..######.....#............#
.## ##.....#...........## ##
#......##..........# #
##.......#....[....## #
##....#.............#
##...###.#..........##
####....# ###.........##
.##....## ##..@....P# #
#....### #.S....### ####
.....# ##......# #####...
....### ###......## #P......
......#####.........##
##......
........##....####...##
##....... ...#........###
##...###....###.
####P#.###### #....##...##
## P# ##### #....##...P# #


You could see a black mamba.

Vanquished Creatures
  A centaur warrior (D:9)
  A two-headed ogre (D:5)
  2 black mambas (Lair:1)
  An elephant (Lair:2)
  3 komodo dragons
  Prince Ribbit (D:9)
  3 hippogriffs
  A wyvern (Lair:1)
  4 yaks
  A basilisk (D:9)
  3 water moccasins (Lair:1)
  5 porcupines
  An ice beast (D:8)
  3 orc warriors
  2 phantoms
  3 sky beasts
  4 ogres
  5 wolves (Lair:1)
  A centaur (D:7)
  Blork the orc (D:5)
  7 bullfrogs
  A water moccasin skeleton (D:8)
  9 killer bees (D:9)
  3 scorpions
  5 howler monkeys
  2 centaur zombies
  3 crimson imps
  A bullfrog zombie (D:8)
  4 hounds
  2 jellies
  9 orc priests
  An iron imp (D:5)
  A bullfrog skeleton (D:9)
  Ijyb (D:3)
  2 iguanas
  8 orc wizards
  3 worker ants
  A hound zombie (D:5)
  A mummy (D:5)
  Robin (D:2)
  A howler monkey skeleton (D:7)
  A worker ant zombie (D:9)
  9 adders
  2 shadow imps
  An ooze (D:2)
  An adder zombie (D:7)
  3 worms
  A dart slug (D:4)
  4 leopard geckos
  39 orcs
  2 ball pythons
  8 giant cockroaches
  11 goblins
  11 hobgoblins
  19 jackals
  5 kobolds
  2 quokkas
  11 bats
  4 frilled lizards
  2 goblin skeletons (D:5)
  4 hobgoblin zombies (D:5)
  A jackal skeleton (D:5)
  A jackal zombie (D:8)
  3 kobold skeletons (D:5)
  2 kobold zombies (D:5)
  4 orc skeletons (D:5)
  2 orc zombies (D:5)
  A quokka skeleton (D:4)
  A quokka zombie (D:5)
  6 rats
273 creatures vanquished.

Vanquished Creatures (others)
  2 fungi (Lair:2)
2 creatures vanquished.

Grand Total: 275 creatures vanquished

Notes
Turn   | Place    | Note
-------+----------+-------------------------------------------
     0 | D:1      | nono the Halfling Fighter began the quest for the Orb.
     0 | D:1      | Reached XP level 1. HP: 15/15 MP: 1/1
   217 | D:1      | Reached XP level 2. HP: 18/20 MP: 2/2
   569 | D:1      | Reached XP level 3. HP: 25/25 MP: 3/3
  1005 | D:2      | Noticed Robin
  1033 | D:2      | Killed Robin
  1033 | D:2      | Reached XP level 4. HP: 23/30 MP: 4/4
  1431 | D:2      | Reached XP level 5. HP: 35/35 MP: 5/5
  1590 | D:3      | Noticed Ijyb
  1603 | D:3      | Killed Ijyb
  1837 | D:3      | Found an opulent altar of Gozag.
  1840 | D:3      | Found a bloodstained altar of Trog.
  2047 | D:3      | Found an ancient bone altar of Kikubaaqudgha.
  2119 | D:3      | Reached XP level 6. HP: 21/41 MP: 6/6
  2285 | D:3      | Reached skill level 5 in Armour
  2814 | D:4      | Found Taydur's Magic Scroll Shoppe.
  2830 | D:4      | Bought a scroll of blinking for 90 gold pieces
  2830 | D:4      | Bought a scroll of teleportation for 36 gold pieces
  3337 | D:4      | You fall through a shaft for 3 floors!
  3337 | D:7      | Noticed an ogre
  3351 | D:7      | Killed an ogre
  3351 | D:7      | Reached skill level 5 in Shields
  3351 | D:7      | Reached XP level 7. HP: 29/45 MP: 7/7
  3625 | D:7      | Reached skill level 5 in Long Blades
  4046 | D:7      | Reached XP level 8. HP: 35/51 MP: 8/8
  4368 | D:6      | Found Adeadid's General Store.
  4389 | D:6      | Found Borebbed's Distillery.
  4787 | D:5      | Entered Level 5 of the Dungeon
  5198 | D:6      | Found a staircase to the Ecumenical Temple.
  5207 | Temple   | Entered the Ecumenical Temple
  5220 | Temple   | Became a worshipper of Dithmenos the Shadowed
  5461 | D:6      | Reached XP level 9. HP: 24/55 MP: 9/9
  6049 | D:6      | Found Natav's Weapon Shop.
  6739 | D:5      | Found Kujamp's Weapon Shoppe.
  6809 | D:5      | Noticed Blork the orc
  6845 | D:5      | Killed Blork the orc
  6845 | D:5      | Reached * piety under Dithmenos
  7286 | D:5      | Found a blossoming altar of Fedhas.
  7418 | D:5      | Noticed a two-headed ogre
  7420 | D:5      | Found a glowing golden altar of the Shining One.
  7446 | D:5      | Killed a two-headed ogre
  7446 | D:5      | Reached XP level 10. HP: 55/61 MP: 10/10
  8678 | D:7      | Reached ** piety under Dithmenos
  9170 | D:9      | Noticed a centaur warrior
  9201 | D:9      | Killed a centaur warrior
  9493 | D:9      | Reached skill level 10 in Armour
  9654 | D:9      | Reached skill level 10 in Shields
  9784 | D:9      | Found Cytaifask's Armour Boutique.
  9793 | D:9      | Noticed Prince Ribbit
  9818 | D:9      | Killed Prince Ribbit
  9994 | D:9      | Found a sacrificial altar of Ru.
 10359 | D:9      | Reached XP level 11. HP: 61/66 MP: 11/11
 10516 | D:9      | Found a staircase to the Lair.
 10559 | D:9      | Found a staircase to the Orcish Mines.
 10612 | D:9      | Reached *** piety under Dithmenos
 10613 | D:9      | Noticed a two-headed ogre
 10630 | Lair:1   | Entered Level 1 of the Lair of Beasts
 10667 | Lair:1   | Reached skill level 1 in Stealth
 10879 | Lair:1   | Learned a level 1 spell: Apportation
 10955 | Lair:1   | Reached skill level 5 in Stealth
 12656 | Lair:2   | Noticed an elephant
 12662 | Lair:2   | Noticed an elephant
 12663 | Lair:2   | Noticed an elephant
 12702 | Lair:2   | Killed an elephant
 12720 | Lair:1   | Slain by a black mamba

Vault maps used:
D:1:      dpeg_arrival_long_road
D:2:      uniq_robin
D:3:      nicolae_overflow_crystal_walls, nicolae_overflow_hidden_temple,
          first_bread, minivault_25, uniq_iyjb
D:4:      serial_shops, nicolae_shop_window_shopping
D:5:      overflow_temple_1_default, nicolae_tso_besieged_by_evil, serial_shops,
          shop, roderic_digamma_sauvastika, minmay_mini_ossuary,
          uniq_blork_the_orc
D:6:      serial_shops, shop, shop, nicolae_shop_trees
D:7:      serial_bayou_pond_e, grunt_ogre_cave
D:9:      david_lair_generic, hiddenorc1_lemuel, serial_shops, shop,
          nicolae_ru_path_of_blood, uniq_prince_ribbit1
Temple:   eino_temple_scatter_basement
Lair:1:   minivault_23
Lair:2:   beast_lair_carwin_large_3, minmay_shoals_entry_lonely_mermaid,
          dummy_snake_entry, serial_bayou_ford_a, st_stairs_10, uniq_harold,
          uniq_erica

Skill      XL: |  1  2  3  4  5  6  7  8  9 10 11 |
---------------+----------------------------------+-----
Armour         | 4 5 6 7 8 10 | 10.5
Long Blades    | 3 4 5 6 7 9 |  9.7
Shields        | 4 5 7 8 10 | 10.4
Stealth        | 9 |  9.2
Fighting       | |  2.6

Action                   |  1- 3 |  4- 6 |  7- 9 | 10-12 || total
-------------------------+-------+-------+-------+-------++-------
Melee: Long sword        |    63 |       |   190 |    56 ||   309
       Dagger            |    29 |   324 |   404 |   722 ||  1479
  Use: Scroll            |       |       |     5 |       ||     5
       Potion            |       |       |     1 |     2 ||     3
  Eat: Chunk             |       |     8 |    13 |    19 ||    40
Armor: Scale mail        |    42 |    78 |   156 |    61 ||   337
       Plate armour      |       |    13 |       |   181 ||   194
Dodge: Dodged            |    33 |    68 |   144 |   193 ||   438
Block: Shield            |    52 |   118 |   239 |   415 ||   824
       Rpst.: Long sword |    11 |       |    16 |     2 ||    29
